 Dungeon Crawl Stone Soup version 0.31-a0-1019-g3dd9dd1025 (webtiles) character file.

Game seed: 10387804624308461187

102 Azuregosa the Covert (level 4, 0/31 HPs)
             Began as an Octopode Delver on Nov 17, 2023.
             Slain by a phantom (6 damage)
             ... on level 4 of the Dungeon.
             The game lasted 00:08:42 (2089 turns).

Azuregosa the Covert (Octopode Delver)              Turns: 2089, Time: 00:08:43

Health: 0/31       AC:  1    Str: 11    XL:     4   Next: 77%
Magic:  6/6        EV: 13    Int: 18    God:
Gold:   198        SH:  0    Dex: 13    Spells: 1/6 levels left

rFire   . . .        u - +5 sling "Qetomp" {freeze, rC+ Int+4}
rCold   + . .        (no shield)
rNeg    + + .        (helmet restricted)
rPois   .            (no amulet)
rElec   .            m - ring of positive energy
rCorr   .            q - ring of positive energy
SInv    .            (no ring)
Will    .....        (no ring)
Stlth   +++++        (no ring)
HPRegen 0.25/turn    (no ring)
MPRegen 0.10/turn    (no ring)
                     (no ring)

%: no passive effects
@: no status effects
A: almost no armour, amphibious, 8 rings, camouflage 1, gelatinous body 1,
(nimble swimmer 1), tentacles
a: no special abilities


You were on level 4 of the Dungeon.
You visited 1 branch of the dungeon, and saw 5 of its levels.

You collected 198 gold pieces.

Inventory:

Hand Weapons
 a - a +0 falchion
 i - a +2 short sword of venom
 u - the +5 sling "Qetomp" (weapon) {freeze, rC+ Int+4}
   (You found it on level 2 of the Dungeon)

   Int+4:     It affects your intelligence (+4).
   rC+:       It protects you from cold.
Missiles
 j - 66 stones
 v - 3 boomerangs
Magical Staves
 t - a staff of cold
Jewellery
 m - a ring of positive energy (left tentacle)
 o - a ring of fire
 q - a ring of positive energy (right tentacle)
Wands
 f - a wand of digging (3)
Scrolls
 b - a scroll of fog
 d - a scroll of fear
 g - a scroll of vulnerability {unknown}
 h - 2 scrolls of teleportation {unknown}
 k - 2 scrolls of noise {unknown}
 l - 2 scrolls of immolation {unknown}
 p - a scroll of revelation
 r - a scroll of enchant weapon {unknown}
 s - 6 scrolls of identify {unknown}
Potions
 c - 2 potions of mutation {unknown}
 e - 2 potions of haste
 n - a potion of magic {unknown}


   Skills:
 - Level 3.0 Fighting
 - Level 2.0 Long Blades
 + Level 0.5 Throwing
 - Level 2.0 Dodging
 - Level 8.0 Stealth
 + Level 1.7 Spellcasting
 + Level 1.6 Translocations


You had one spell level left.
You knew the following spells:

 Your Spells              Type           Power      Damage    Failure   Level
a - Blink                 Tloc           14%        N/A       14%         2
b - Mephitic Cloud        Conj/Pois/Air  1%         N/A       50%         3

Your spell library contained the following spells:

 Spells                   Type           Power      Damage    Failure   Level
 Magic Dart               Conj           4%         1d3       19%         1
 Lesser Beckoning         Tloc           14%        N/A       14%         2
 Momentum Strike          Conj/Tloc      8%         3d8       21%         2
 Call Imp                 Summ           2%         N/A       28%         2
 Inner Flame              Hex/Fire       1%         N/A       50%         3
 Yara's Violent Unravell  Hex/Tmut       0%         3d3       99%         5
 Enfeeble                 Hex            0%         N/A       100%        7


Dungeon Overview and Level Annotations

Branches:
Dungeon (5/15)
 Temple: D:4-7

Altars:


Innate Abilities, Weirdness & Mutations

You cannot wear most types of armour.
You are amphibious.
You can wear up to eight rings at the same time.
Your skin changes colour to match your surroundings (Stealth+).
Your rubbery body absorbs attacks. (AC +1, EV +1)
((You are camouflaged when in or above water. (Stealth+)))
You have tentacles for arms and can constrict up to eight enemies at once.


Message History

You shoot a sling bullet.
The sling bullet hits the phantom but does no damage.
The phantom is lightly damaged.
Fire: u) +5 sling "Qetomp" {freeze, rC+ Int+4}
Press: ? - help, Q - select action, (/) - cycle Shift-Dir - straight line, f/p - phantom
Aim: a phantom (lightly damaged, 51% to hit)
You shoot a sling bullet. The sling bullet hits the phantom.
The phantom is moderately damaged.
Fire: u) +5 sling "Qetomp" {freeze, rC+ Int+4}
Press: ? - help, Q - select action, (/) - cycle Shift-Dir - straight line, f/p - phantom
Aim: a phantom (moderately damaged, 51% to hit)
You shoot a sling bullet.
The sling bullet barely misses the phantom.
Fire: u) +5 sling "Qetomp" {freeze, rC+ Int+4}
Press: ? - help, Q - select action, (/) - cycle Shift-Dir - straight line, f/p - phantom
Aim: a phantom (moderately damaged, 51% to hit)
You shoot a sling bullet. The sling bullet hits the phantom!
The phantom is heavily damaged.
The phantom hits you but does no damage.
You shoot a sling bullet.
The sling bullet hits the phantom but does no damage.
The phantom is heavily damaged.
The phantom hits you.
The phantom blinks!
You blink.
You shoot a sling bullet. The sling bullet hits the phantom.
The phantom is severely damaged.
The phantom hits you! The phantom misses you.
You shoot a sling bullet. The sling bullet hits the phantom.
The phantom is almost destroyed.
The phantom hits you!
* * * LOW HITPOINT WARNING * * *
You shoot a sling bullet. The sling bullet hits the phantom.
The phantom is almost destroyed.
The phantom barely misses you.
You shoot a sling bullet.
The sling bullet barely misses the phantom.
The phantom completely misses you. The phantom closely misses you.
You shoot a sling bullet.
The sling bullet barely misses the phantom.
The phantom hits you.
You die...

### #.. #.# #.#
#.#
########.#####.##
.........)W.....#
###......@......#
#####..######.#
#.#.## #.###.##
..# ##.# ####
##.#####.#..
######..#
#)..<.......
...<....#
#.#######.#..
#######.# ##


You could see a phantom.

Vanquished Creatures
  3 adders
  3 orcs
  8 endoplasms
  4 giant cockroaches
  4 goblins
  9 hobgoblins
  2 jackals (D:3)
  7 kobolds
  2 quokkas (D:1)
  8 ball pythons
  4 bats
  5 frilled lizards
  6 rats
65 creatures vanquished.

Notes
Turn   | Place    | Note
-------+----------+-------------------------------------------
     0 | D:5      | Azuregosa the Octopode Delver began the quest for the Orb.
     0 | D:5      | Reached XP level 1. HP: 16/16 MP: 1/1
     5 | D:5      | Noticed a hound
    76 | D:3      | Reached skill level 7 in Stealth
   159 | D:3      | Reached XP level 2. HP: 21/21 MP: 2/2
   382 | D:1      | Reached XP level 3. HP: 20/26 MP: 3/3
   608 | D:1      | Reached skill level 8 in Stealth
   665 | D:1      | Learned a level 2 spell: Blink
   888 | D:2      | Reached skill level 1 in Spellcasting
   923 | D:2      | Reached XP level 4. HP: 31/31 MP: 5/5
   994 | D:2      | Reached skill level 1 in Translocations
  1098 | D:2      | Identified the +5 sling "Qetomp" {freeze, rC+ Int+4}
  1769 | D:3      | Learned a level 3 spell: Mephitic Cloud
  2078 | D:4      | Noticed a phantom
  2089 | D:4      | Slain by a phantom

Illustrated notes

Levels and vault maps discovered:
D:1:      minmay_arrival_doors, layout_loops_ring
D:2:      layout_rooms, serial_forest, infiniplex_forest_clump_double,
          infiniplex_forest_end_2, infiniplex_forest_clump_curved,
          infiniplex_forest_lined_corner, infiniplex_forest_diagonal,
          infiniplex_forest_lined_corner, item_on_display_a
D:3:      layout_basic, small_statue_intersection
D:4:      layout_loops_ring, temple_hall_moat, chequers_big_river
D:5:      layout_rooms, uniq_blork_the_orc

Skill      XL: |  1  2  3  4 |
---------------+-------------+-----
Stealth        | 7 8 |  8.0
Spellcasting   | 1 |  1.7
Translocations | 1 |  1.6
Fighting       | |  3.0
Long Blades    | |  2.0
Throwing       | |  0.5
Dodging        | |  2.0

Action                     |  1- 3 |  4- 6 || total
---------------------------+-------+-------++-------
  Melee: Short sword       |    61 |     9 ||    70
         Falchion          |     3 |       ||     3
         Constrict         |    14 |     1 ||    15
         Tentacles         |     9 |     1 ||    10
   Fire: Sling             |       |    40 ||    40
    Use: Scroll            |     1 |       ||     1
   Stab: Sleeping          |    20 |     2 ||    22
 Armour: Skin              |    16 |    12 ||    28
  Dodge: Dodged            |    37 |    20 ||    57

Table legend: (Time is in decaauts)
 A = Elapsed time spent in this place.
 B = Non-inter-level travel time spent in this place.
 C = Inter-level travel time spent in this place.
 D = Time resting spent in this place.
 E = Time spent auto-exploring this place.
 F = Levels seen in this place.
 G = Mean time per level.
                   A        B        C        D        E       F      G
               +--------+--------+--------+--------+--------+-----+--------+
         Total |   2097 |   2022 |     75 |     46 |   1331 |   5 |  419.4 |
       Dungeon |   2097 |   2022 |     75 |     46 |   1331 |   5 |  419.4 |
               +--------+--------+--------+--------+--------+-----+--------+

Top non-repeatable levels by time:
     D:3: 769 daAuts
     D:1: 620 daAuts
     D:2: 600 daAuts
     D:4: 89 daAuts
     D:5: 18 daAuts
